 Dungeon Crawl Stone Soup version 0.26.0-45-g9c1d065592 (webtiles) character file.

Game seed: 14951096966627483465

372 Mattiprrivan the Cudgeller (level 6, -5/61 HPs)
             Began as a Troll Chaos Knight on Jan 29, 2021.
             Was a Plaything of Xom.
             Slain by a lemure (8 damage)
             ... led by Pikel
             ... on level 4 of the Dungeon.
             The game lasted 00:27:55 (2160 turns).

Mattiprrivan the Cudgeller (Troll Chaos Knight)     Turns: 2160, Time: 00:27:56

Health: -5/61      AC:  8    Str: 22    XL:     6   Next: 43%
Magic:  5/5        EV: 10    Int:  8    God:    Xom [.....*]
Gold:   117        SH:  0    Dex: 10    Spells: 5/5 levels left

rFire    . . .     SeeInvis .   a - +0 mace (chaos)
rCold    . . .     Faith    .   (no shield)
rNeg     + . .     Spirit   .   b - +2 robe
rPois    .         Reflect  .   (helmet restricted)
rElec    .         Harm     .   (no cloak)
rCorr    .         Rampage  .   (gloves unavailable)
Will     .....                  (boots unavailable)
Stlth    ++........             i - amulet of regeneration
HPRegen  1.00/turn              c - ring of stealth
MPRegen  0.09/turn              d - ring of positive energy

@: about to teleport
A: large, unfitting armour, claws 3, regeneration 1, shaggy fur 1, tough skin 3
a: Renounce Religion


You were on level 4 of the Dungeon.
You worshipped Xom.
You were Xom's teddy bear.
You visited 1 branch of the dungeon, and saw 4 of its levels.

You collected 117 gold pieces.

Inventory:

Hand Weapons
 a - a +0 mace of chaos (weapon)
 f - a +0 giant club
 g - a +2 flail of holy wrath
Armour
 b - a +2 robe (worn)
Jewellery
 c - a ring of stealth (left claw)
 d - a ring of positive energy (right claw)
 i - an amulet of regeneration (around neck)
 j - an uncursed amulet of reflection
Scrolls
 h - a scroll of remove curse


   Skills:
 * Level 3.2 Fighting
 * Level 0.2(2.7) Axes
 * Level 4.9 Maces & Flails
 * Level 0.1(2.7) Staves
 * Level 1.2 Armour
 * Level 3.0 Dodging
 * Level 1.6 Unarmed Combat


You had 5 spell levels left.
You didn't know any spells.
Your spell library was empty.

Dungeon Overview and Level Annotations

Branches:
Dungeon (4/15)
 Temple: D:4-7

Altars:
Dithmenos
Fedhas
Vehumet
Xom

Annotations:
D:4 Pikel


Innate Abilities, Weirdness & Mutations

You are too large for most types of armour.
You have claws for hands.
Your natural rate of healing is unusually fast.
You are covered in fur. (AC +1)
You have extremely tough skin. (AC +3)


Message History

Pikel closely misses you. The lemure hits you!
* * * LOW HITPOINT WARNING * * *
The lemure hits you but does no damage. The lemure closely misses you.
The lemure hits you but does no damage.
You hit Pikel.
Pikel is poisoned.
Pikel is severely wounded.
Pikel hits you but does no damage. The lemure hits you.
* * * LOW HITPOINT WARNING * * *
The lemure completely misses you. The lemure hits you.
* * * LOW HITPOINT WARNING * * *
You emit a cloud of colourful smoke!
The lemure hits you.
* * * LOW HITPOINT WARNING * * *
Pikel closely misses you.
As you read the scroll of teleportation, it crumbles to dust.
You feel strangely unstable. "There, this looks better."
The lemure closely misses you. The lemure hits you!
You die...
Xom snickers!

#. . #.##. # #.#.. .#
#?#.###.###
.####?._......#..#
.......5......#..#
...#...K@.##.....# .#.
.......555#..#...###.#.
...#......#.###.......
.............#.......#
#..##.####......# #..#
#. .............# #..#
# ###.####...##.###.#
........###...†<#
............5.###


You could see Pikel (strong, very poisoned, drained) and 4 lemures.

Vanquished Creatures
  Sigmund (D:3)
  An ogre (D:4)
  Robin (D:3)
  2 adders
  A worm (D:2)
  4 dart slugs
  5 leopard geckos
  4 orcs (D:3)
  10 bats
  2 giant cockroaches
  13 goblins
  9 hobgoblins
  4 jackals
  11 kobolds
  A quokka (D:2)
  2 ball pythons
  3 frilled lizards (D:3)
  7 rats
81 creatures vanquished.

Notes
Turn   | Place    | Note
-------+----------+-------------------------------------------
     0 | D:1      | Mattiprrivan the Troll Chaos Knight began the quest for the
                  | Orb.
     0 | D:1      | Reached XP level 1. HP: 22/22 MP: 0/0
    46 | D:1      | Reached XP level 2. HP: 29/29 MP: 1/1
    57 | D:1      | Reached skill level 3 in Maces & Flails
   336 | D:1      | Reached XP level 3. HP: 36/36 MP: 2/2
   711 | D:2      | Found a faded altar of an unknown god.
   816 | D:2      | XOM: divination: detect items
   943 | D:2      | XOM: silly message
  1128 | D:2      | Reached XP level 4. HP: 44/44 MP: 3/3
  1193 | D:2      | XOM: divination: detect items
  1381 | D:3      | Found a blossoming altar of Fedhas.
  1381 | D:3      | Found a shadowy altar of Dithmenos.
  1382 | D:3      | Found a radiant altar of Vehumet.
  1613 | D:3      | XOM: enchant monster (bad)
  1909 | D:3      | Reached skill level 1 in Unarmed Combat
  1944 | D:3      | XOM: polymorph hobgoblin -> rat
  1950 | D:3      | Noticed Robin
  1952 | D:3      | Noticed Sigmund
  1955 | D:3      | Killed Robin
  1966 | D:3      | Killed Sigmund
  1967 | D:3      | Reached skill level 4 in Maces & Flails
  1967 | D:3      | Reached skill level 1 in Armour
  1967 | D:3      | Reached XP level 5. HP: 22/53 MP: 4/4
  1967 | D:3      | Reached XP level 6. HP: 25/61 MP: 5/5
  2090 | D:3      | XOM: god gift: 32 gold pieces
  2129 | D:4      | XOM: summons 2 friendly demons
  2146 | D:4      | Noticed Pikel
  2159 | D:4      | XOM: smoke on damage
  2159 | D:4      | HP: 2/61 [lemure[Pikel] (3)]
  2160 | D:4      | XOM: scenery: create altars
  2160 | D:4      | Slain by a lemure

Illustrated notes

Levels and vault maps discovered:
D:1:      lightli_arrival_maybe_door_vault, layout_loops_ring
D:2:      layout_basic, chequers_ecumenical_altar_simple_redux
D:3:      layout_basic, gammafunk_temple_overflow_claw, grunt_ministairs_1,
          uniq_robin, uniq_sigmund
D:4:      layout_loops_ring, minmay_temple_entry_enclosed_plants, uniq_menkaure,
          uniq_edmund, uniq_pikel, uniq_blork_the_orc

Skill      XL: |  1  2  3  4  5  6 |
---------------+-------------------+-----
Dodging        | 2 3 |  3.0
Maces & Flails | 3 4 |  4.9
Unarmed Combat | 1 |  1.6
Fighting       | 3 |  3.2
Armour         | 1 |  1.2
Axes           | |  0.2
Staves         | |  0.1

Action                   |  1- 3 |  4- 6 || total
-------------------------+-------+-------++-------
Melee: Mace              |   106 |   104 ||   210
  Use: Scroll            |     4 |     4 ||     8
       Potion            |     3 |     1 ||     4
 Stab: Sleeping          |     8 |     6 ||    14
       Distracted        |     1 |     1 ||     2
       Petrifying        |     1 |       ||     1
       Petrified         |       |     1 ||     1
       Paralysed         |       |     1 ||     1
Armor: Robe              |    37 |    45 ||    82
Dodge: Dodged            |    52 |    77 ||   129
